 Dungeon Crawl Stone Soup version 0.22-a0-388-g09e6169 (webtiles) character file.

390 seren the Ruffian (level 6, -1/51 HPs)
             Began as a Barachi Fighter on Apr 29, 2018.
             Slain by George's ghost (8 damage)
             ... on level 3 of the Dungeon.
             The game lasted 00:19:11 (5039 turns).

seren the Ruffian (Barachi Fighter)                 Turns: 5039, Time: 00:19:12

Health: -1/51      AC:  6    Str: 18    XL:     6   Next: 80%
Magic:  7/7        EV:  8    Int: 10    God:
Gold:   165        SH:  0    Dex: 11    Spells: 3/5 levels left

rFire    . . .     SeeInvis .     - Unarmed
rCold    . . .     Gourm    .   k - +0 buckler
rNeg     . . .     Faith    .   a - +0 scale mail
rPois    .         Spirit   .   (no helmet)
rElec    .         Reflect  .   (no cloak)
rCorr    .         Harm     .   (no gloves)
MR       .....                  (no boots)
Stlth    ..........             (no amulet)
HPRegen  0.17/turn              (no ring)
MPRegen  0.10/turn              (no ring)

@: confused, very heavily drained, slow
A: +LOS, swims, slowness 1, strong legs 1
a: Hop


You were on level 3 of the Dungeon.
You were not hungry.

You visited 1 branch of the dungeon, and saw 4 of its levels.

You collected 165 gold pieces.

Inventory:

Hand Weapons
 b - a +0 hunting sling
 p - a +2 dagger of venom
Missiles
 i - 132 stones (quivered)
Armour
 a - a +0 scale mail (worn)
 j - a +0 robe
 k - a +0 buckler (worn)
 o - a +0 shield
Wands
 l - a wand of random effects (22)
Scrolls
 c - a scroll of enchant armour {unknown}
 n - a scroll of random uselessness {unknown}
 q - 2 scrolls of teleportation {!r}
Potions
 g - 3 potions of brilliance
 h - a potion of ambrosia
 m - a potion of heal wounds
 r - a potion of curing
Comestibles
 d - 8 rations
 f - a chunk of flesh


   Skills:
 - Level 5.0(1.9) Fighting
 - Level 4.0(1.0) Armour
 - Level 2.0(0.0) Dodging
 - Level 4.0(1.0) Shields
 * Level 5.4(2.2) Unarmed Combat
 + Level 2.2(0.0) Evocations


You had 3 spell levels left.
You knew the following spells:

 Your Spells              Type           Power        Failure   Level  Hunger
a - Blink                 Tloc           N/A          95%         2    ###....


Dungeon Overview and Level Annotations

Branches:
Dungeon (4/15)
 Temple: D:4-7

Altars:
Makhleb
Qazlal

Annotations:
D:1 scroll in glass
D:2 1 runed door, exclusion: downstairs
D:3 double head ogre, George's ghost, amateur MiFi
D:4 Thaneod's ghost, amateur DEWz


Innate Abilities, Weirdness & Mutations

Shadows flee at your approach. (+LOS)
You can swim through water.
You cover ground slowly.
You can hop short distances.


Message History

* * * LOW HITPOINT WARNING * * *
You feel drained.
In your confused state, you trip and fall back down the stairs.
* * * LOW HITPOINT WARNING * * *
You are engulfed in noxious fumes.
You choke on the stench!
You are more confused.
Thaneod's ghost hits you.
* * * LOW HITPOINT WARNING * * *
You feel drained.
You are engulfed in noxious fumes.
You choke on the stench!
You are more confused.
Thaneod's ghost closely misses you.
You climb upwards.
The ghost fades into the shadows.
Thaneod's ghost disappears!
Level annotation: double head ogre, George's ghost, amateur MiFi George's ghost hits you!
* * * LOW HITPOINT WARNING * * *
George's ghost lets out a mournful wail.
George's ghost hits you!
You die...

#######.##..........#########
#........####.........#
#.######.#####.######.# #.#
#....##.# #.# #.# #.##.##(#
#.# #.# #.##.##.# #.# #.#
#.......# #.# #.# #......>#
###.#### #.# #...@...#
#......# #.# #....W..#
##.##.#.# #.# #.....[.#
#.....#.# #.# #.......#
#..####.# #.# #.......#
#..####.# #.# ###########
#.......# ##.####...#######
#.####### #...##....<.....#
#.# #..........<....# #.#


You could see George's ghost.

Vanquished Creatures
  A hound (D:3)
  3 orc priests
  2 orc wizards
  Jessica (D:2)
  Natasha (thrice) (D:2 D:1)
  3 adders
  A worm (D:2)
  A dart slug (D:2)
  3 leopard geckos
  8 orcs
  6 bats
  6 giant cockroaches
  10 goblins
  8 hobgoblins
  10 jackals
  A quokka (D:2)
  A ball python (D:2)
  3 frilled lizards
  3 kobolds
  A rat (D:3)
75 creatures vanquished.

Notes
Turn   | Place    | Note
-------+----------+-------------------------------------------
     0 | D:1      | seren the Barachi Fighter began the quest for the Orb.
     0 | D:1      | Reached XP level 1. HP: 18/18 MP: 1/1
   118 | D:1      | Reached XP level 2. HP: 13/25 MP: 2/2
   745 | D:2      | Found a burning altar of Makhleb.
   811 | D:2      | Found a runed door.
   953 | D:2      | Reached XP level 3. HP: 30/30 MP: 3/3
  1057 | D:2      | Reached skill level 1 in Dodging
  1487 | D:2      | Found a faded altar of an unknown god.
  1527 | D:2      | Reached XP level 4. HP: 35/38 MP: 4/4
  1594 | D:2      | Noticed Natasha
  1594 | D:2      | Noticed Jessica
  1732 | D:3      | Noticed George's ghost (amateur MiFi)
  1749 | D:2      | Killed Natasha
  1751 | D:2      | Killed Jessica
  1751 | D:2      | Reached XP level 5. HP: 22/43 MP: 5/5
  2034 | D:2      | Noticed Natasha
  2052 | D:2      | Killed Natasha
  2188 | D:2      | Reached skill level 5 in Fighting
  2227 | D:2      | Found a stormy altar of Qazlal.
  2237 | D:2      | Learned a level 2 spell: Blink
  2375 | D:2      | Noticed Natasha
  2402 | D:1      | Killed Natasha
  3397 | D:3      | Reached skill level 1 in Evocations
  3397 | D:3      | Reached XP level 6. HP: 19/51 MP: 6/6
  3673 | D:4      | Noticed Thaneod's ghost (amateur DEWz)
  4391 | D:3      | Noticed a two-headed ogre
  4542 | D:3      | Reached skill level 5 in Unarmed Combat
  5039 | D:3      | Slain by George's ghost

Vault maps used:
D:1:      minmay_arrival_radiant_lines, minmay_surrounded
D:2:      kennysheep_big_flooded_room, lemuel_coloured_pillars_altar,
          lightli_temple_of_fire, chequers_ecumenical_altar_island,
          minmay_goblin_outpost, uniq_natasha, uniq_crazy_yiuf_cottage,
          uniq_jessica
D:3:      lemuel_crystal_altar, first_ration
D:4:      lemuel_zombie_altar_yredelemnul, old_standard_altar, temple_hall

Skill      XL: |  1  2  3  4  5  6 |
---------------+-------------------+-----
Fighting       | 4 5 |  5.0
Dodging        | 1 2 |  2.0
Armour         | 4 |  4.0
Unarmed Combat | 3 4 5 |  5.4
Shields        | 4 |  4.0
Evocations     | 1 2 |  2.2

Action                   |  1- 3 |  4- 6 || total
-------------------------+-------+-------++-------
Melee: Unarmed           |   150 |   186 ||   336
 Fire: Hunting sling     |    35 |    43 ||    78
 Abil: Hop               |       |     3 ||     3
  Use: Potion            |       |     2 ||     2
       Scroll            |       |     7 ||     7
  Eat: Chunk             |     3 |     8 ||    11
       Ration            |       |     1 ||     1
Armor: Scale mail        |    86 |    58 ||   144
Dodge: Dodged            |    76 |    65 ||   141
Block: Shield            |    21 |       ||    21
       Buckler           |    28 |    28 ||    56

Table legend:
 A = Spawn XP
 B = Non-spawn XP
 C = Spawn XP percentage of total XP
 D = Spawn monster count
 E = Non-spawn monster count
 F = Spawn count percentage of total count
 G = Total turns spent on level
                    A         B        C        D         E        F      G
               +---------+---------+-------+---------+---------+-------+---------
         Total |       0 |     558 |   0.0 |       0 |      75 |   0.0 |  5039
               +---------+---------+-------+---------+---------+-------+---------
           D:1 |       0 |      58 |   0.0 |       0 |      14 |   0.0 |   855
           D:2 |       0 |     229 |   0.0 |       0 |      33 |   0.0 |  2299
           D:3 |       0 |     167 |   0.0 |       0 |      18 |   0.0 |  1621
           D:4 |       0 |     104 |   0.0 |       0 |      10 |   0.0 |   264
               +---------+---------+-------+---------+---------+-------+---------
